 Dungeon Sprint DCSS version 0.23-a0-136-g722f094 (webtiles) character file.

130 Kidiri the Thaumaturge (level 4, -1/24 HPs)
             Began as a Deep Elf Fire Elementalist on Aug 28, 2018.
             Was an Initiate of Vehumet.
             Killed from afar by a deep elf mage (25 damage)
             ... with a bolt of lightning
             ... in the Dungeon (Sprint III: "The Ten Rune Challenge").
             The game lasted 00:02:38 (402 turns).

Kidiri the Thaumaturge (Deep Elf Fire Elementalist)  Turns: 402, Time: 00:02:38

Health: -1/24      AC:  3    Str:  7    XL:     4   Next: 90%
Magic:  12/17      EV: 13    Int: 21    God:    Vehumet [......]
Gold:   26         SH:  0    Dex: 15    Spells: 9/22 levels left

rFire    . . .     SeeInvis .   q - +0 dagger
rCold    . . .     Gourm    .   (no shield)
rNeg     . . .     Faith    .   a - +0 robe
rPois    .         Spirit   .   (no helmet)
rElec    .         Reflect  .   (no cloak)
rCorr    .         Harm     .   (no gloves)
MR       .....     NoTele   +   (no boots)
Stlth    ++........             (no amulet)
HPRegen  0.08/turn              (no ring)
MPRegen  0.15/turn              (no ring)

@: no status effects
A: blurry vision 1, shaggy fur 1, strong 1, no potion heal 1
a: Renounce Religion


You were in the Dungeon.
You worshipped Vehumet.
Vehumet was noncommittal.
You were not hungry.

You visited 1 branch You collected 26 gold pieces.

Inventory:

Hand Weapons
 q - a +0 dagger (weapon)
Armour
 a - a +0 robe (worn)
Scrolls
 i - 2 scrolls of blinking
 k - a scroll of immolation {unknown}
 l - 3 scrolls of identify
 m - a scroll of holy word {unknown}
 n - 2 scrolls of remove curse
Potions
 d - 2 potions of curing
 e - a potion of heal wounds
 f - a potion of haste
 g - 2 potions of magic
 h - a potion of berserk rage
 o - a potion of degeneration {unknown}
 p - a potion of flight {unknown}
Comestibles
 b - 7 chunks of flesh
 c - 3 rations


   Skills:
 - Level 2.4 Dodging
 - Level 2.4 Stealth
 * Level 9.5 Spellcasting
 + Level 5.3 Conjurations
 + Level 6.2 Fire Magic


You had 9 spell levels left.
You knew the following spells:

 Your Spells              Type           Power        Failure   Level  Hunger
a - Flame Tongue          Conj/Fire      ####.        1%          1    None
b - Throw Flame           Conj/Fire      ####..       1%          2    None
c - Conjure Flame         Conj/Fire      ####....     1%          3    None
d - Inner Flame           Hex/Fire       ###.....     5%          3    None
e - Sticky Flame          Conj/Fire      ####....     6%          4    ##.....

Your spell library contained the following spells:

 Spells                   Type           Power        Failure   Level  Hunger
 Magic Dart               Conj           ####         1%          1    None
 Animate Skeleton         Necr           N/A          7%          1    None
 Apportation              Tloc           #.....       7%          1    None
 Confusing Touch          Hex            #.....       7%          1    None
 Summon Small Mammal      Summ           #...         7%          1    None
 Mephitic Cloud           Conj/Pois/Air  ###.....     10%         3    None
 Blink                    Tloc           N/A          11%         2    None
 Call Imp                 Summ           #.......     11%         2    None
 Slow                     Hex            #.......     11%         2    None
 Fireball                 Conj/Fire      ####......   17%         5    #####..


Dungeon Overview and Level Annotations

Branches:
Dungeon (1/1)

Altars:
Elyvilon
Kikubaaqudgha
Sif Muna
Vehumet
Zin
The Shining One


Innate Abilities, Weirdness & Mutations

Scrolls take you a little longer to read.
You are covered in fur. (AC +1)
Your muscles are strong. (Str +2)
Potions are less effective at restoring your health.


Message History

Casting: Inner Flame (safe; 5% risk of failure)
Confirm with . or Enter, or press ? or * to list all spells.
Aiming: Flame Tongue (safe; 1% risk of failure)
Press: ? - help, Shift-Dir - straight line, f - deep elf mage
Aim: a deep elf mage, wielding a long sword of holy wrath The flame tongue hits the deep elf mage.
The deep elf mage is moderately wounded.
Casting: Flame Tongue (safe; 1% risk of failure)
Confirm with . or Enter, or press ? or * to list all spells.
Aiming: Sticky Flame (safe; 6% risk of failure)
Press: ? - help, Shift-Dir - straight line, f/p - deep elf mage
Aim: a deep elf mage, wielding a long sword of holy wrath (moderately wounded)
The sticky flame hits the deep elf mage.
The deep elf mage is heavily wounded.
The deep elf mage is covered in liquid flames!
The deep elf mage burns!
The deep elf mage points at you and mumbles some strange words.
The bolt of lightning hits you!
Ouch! That really hurt!
You die...

▓▓▓▓▓▓▓ ▓▓▓ .+....♣♣♣
♣.##### .#....♣.♣
♣.#___# ##.....♣ ♣.#.e.#
.#....≈♣ ♣♣♣.###@#+###+#
.#...≈≈♣♣♣...#..........
[#..≈≈≈≈.♣.♣.'.⌠........
'#..≈≈≈≈≈≈.♣.#...######+
÷#.≈≈≈≈≈≈....#.⌠.#
.#.≈≈≈≈≈.....#...#
.#.≈≈≈.......#'###
##...........#)[.#
.............#___#


You could see a deep elf mage (burning).

Vanquished Creatures
  A water elemental (D)
  A wizard (D)
  A human (D)
  A kobold demonologist (D)
  An ooze (D)
  A phantom (D)
  3 rats (D)
9 creatures vanquished.

Vanquished Creatures (others)
  2 draconian scorchers (D)
  6 hellions (D)
  4 plants (D)
12 creatures vanquished.

Grand Total: 21 creatures vanquished

Notes
Turn   | Place    | Note
-------+----------+-------------------------------------------
     0 | D        | Kidiri the Deep Elf Fire Elementalist began the quest for
                  | the Orb.
     0 | D        | Reached XP level 1. HP: 10/10 MP: 6/6
     7 | D        | Reached skill level 4 in Spellcasting
   125 | D        | Killed a hellion
   141 | D        | Reached skill level 5 in Spellcasting
   141 | D        | Reached XP level 2. HP: 15/15 MP: 5/10
   145 | D        | Learned a level 2 spell: Throw Flame
   156 | D        | Killed a hellion
   165 | D        | Gained mutation: You are partially covered in thin metallic
                  | scales. (AC +2) [potion of mutation]
   165 | D        | Lost mutation: You are partially covered in thin metallic
                  | scales. (AC +2) [potion of mutation]
   165 | D        | Gained mutation: You possess an exceptional clarity of
                  | mind. [potion of mutation]
   165 | D        | Killed a white draconian scorcher
   166 | D        | Lost mutation: You possess an exceptional clarity of mind.
                  | [potion of mutation]
   166 | D        | Gained mutation: You expend magic power (3 MP) to
                  | strengthen your wands. [potion of mutation]
   166 | D        | Gained mutation: Your spells are a little easier to cast,
                  | but a little less powerful. [potion of mutation]
   166 | D        | Gained mutation: You have supernaturally acute eyesight.
                  | (SInv) [potion of mutation]
   166 | D        | Gained mutation: You evolve. [potion of mutation]
   167 | D        | Lost mutation: You evolve. [potion of mutation]
   167 | D        | Lost mutation: Your spells are a little easier to cast, but
                  | a little less powerful. [potion of mutation]
   167 | D        | Lost mutation: You expend magic power (3 MP) to strengthen
                  | your wands. [potion of mutation]
   167 | D        | Lost mutation: You have supernaturally acute eyesight.
                  | (SInv) [potion of mutation]
   167 | D        | Gained mutation: You evolve. [potion of mutation]
   167 | D        | Gained mutation: Your body sometimes deteriorates upon
                  | taking damage. [potion of mutation]
   167 | D        | Gained mutation: You are covered in fur. (AC +1) [potion of
                  | mutation]
   167 | D        | Gained mutation: You have sharp toenails. [potion of
                  | mutation]
   168 | D        | Lost mutation: Your body sometimes deteriorates upon taking
                  | damage. [potion of mutation]
   168 | D        | Lost mutation: You have sharp toenails. [potion of
                  | mutation]
   168 | D        | Lost mutation: You evolve. [potion of mutation]
   168 | D        | Gained mutation: Potions are less effective at restoring
                  | your health. [potion of mutation]
   168 | D        | Gained mutation: Scrolls take you a little longer to read.
                  | [potion of mutation]
   168 | D        | Gained mutation: Your muscles are strong. (Str +2) [potion
                  | of mutation]
   189 | D        | Killed a hellion
   191 | D        | Killed a hellion
   199 | D        | Reached skill level 6 in Spellcasting
   199 | D        | Reached XP level 3. HP: 19/19 MP: 0/12
   202 | D        | Killed a hellion
   207 | D        | Learned a level 3 spell: Conjure Flame
   211 | D        | Learned a level 3 spell: Inner Flame
   225 | D        | Killed a hellion
   284 | D        | Noticed a water elemental
   287 | D        | Killed a water elemental
   287 | D        | Reached skill level 8 in Spellcasting
   287 | D        | Reached skill level 5 in Fire Magic
   287 | D        | Reached XP level 4. HP: 24/24 MP: 8/16
   301 | D        | Learned a level 4 spell: Sticky Flame
   338 | D        | Found a radiant altar of Vehumet.
   338 | D        | Noticed a wizard
   341 | D        | Killed a wizard
   341 | D        | Reached skill level 9 in Spellcasting
   341 | D        | Reached skill level 5 in Conjurations
   343 | D        | Found a deep blue altar of Sif Muna.
   359 | D        | Found an ancient bone altar of Kikubaaqudgha.
   369 | D        | Killed a white draconian scorcher
   370 | D        | Became a worshipper of Vehumet
   399 | D        | Found a glowing silver altar of Zin.
   400 | D        | Found a glowing golden altar of the Shining One.
   400 | D        | Found a white marble altar of Elyvilon.
   400 | D        | Noticed a deep elf mage
   402 | D        | Killed from afar by a deep elf mage

Vault maps used:
D:        dungeon_sprint_mu

Skill      XL: |  1  2  3  4 |
---------------+-------------+-----
Spellcasting   | 5 6 8 9 |  9.5
Conjurations   | 2 3 4 5 |  5.3
Fire Magic     | 4 5 6 |  6.2
Dodging        | |  2.4
Stealth        | |  2.4

Action                   |  1- 3 |  4- 6 || total
-------------------------+-------+-------++-------
Melee: Short sword       |     1 |       ||     1
 Cast: Flame Tongue      |    19 |     1 ||    20
       Throw Flame       |     2 |       ||     2
       Conjure Flame     |     1 |       ||     1
       Sticky Flame      |       |     2 ||     2
       Inner Flame       |       |     1 ||     1
  Use: Potion            |     4 |       ||     4
Dodge: Dodged            |     7 |       ||     7

Table legend:
 A = Non-vault XP
 B = Vault XP
 C = Vault XP percentage of total XP
 D = Non-vault monster count
 E = Vault monster count
 F = Vault count percentage of total count
                 A         B        C        D         E       F
            +---------+---------+-------+---------+---------+-------
      Total |       0 |     187 | 100.0 |       0 |       9 | 100.0
            +---------+---------+-------+---------+---------+-------
          D |       0 |     187 | 100.0 |       0 |       9 | 100.0
            +---------+---------+-------+---------+---------+-------
